[Event "4. Memorial Svat.Hastika OPEN"]
[Site "Jesenik, Czech Republic"]
[Date "2022.09.03"]
[Round "4.6"]
[White "Taborsky, Bedrich"]
[Black "Cechacek, Miroslav"]
[Result "0-1"]
[TimeControl "720+3"]
[WhiteFideId "378151"]
[BlackFideId "377090"]
[WhiteElo "1793"]
[BlackElo "1541"]

1. e4 c5 2. Nf3 Nc6 3. Nc3 Nf6 4. g3 e6 5. Bg2 Be7 6. O-O O-O 7. d3 d5 8. exd5 exd5 9. Bd2 a6 10.
a3 b5 11. Re1 Bb7 12. Ne2 Bd6 13.
Bg5 h6 14. Bf4 Nh5 15. Bxd6 Qxd6 16. c3 Rae8 17. d4 c4 18. a4 Re7 19. axb5 axb5 20. Nc1 Rfe8 21. Rxe7 Rxe7 22. Nd2 Nf6 23.
Ne2 g5 24. f4 Qe6 25. Bf1 Qe3+ 26. Kg2 Ne4 27. Nxe4 Qxe4+ 28. Kg1 Qe3+ 29. Kg2 g4 30. Rc1 Bc8 31. Rc2 Bf5 32. h3 Be4+ 33. Kh2 Bxc2 34. Qxc2 Qf2+ 0-1

[Event "4. Memorial Svat.Hastika OPEN"]
[Site "Jesenik, Czech Republic"]
[Date "2022.09.03"]
[Round "4.8"]
[White "Poljak, Lucian"]
[Black "Cempel, Jaroslav"]
[Result "0-1"]
[TimeControl "720+3"]
[WhiteFideId "23740590"]
[BlackFideId "300730"]
[WhiteElo "1367"]
[BlackElo "1911"]

1. e4 d5 2. exd5 Qxd5 3. Nc3 Qd6 4. d4 Nf6 5.
Nf3 Nc6 6. Bb5 Bd7 7. O-O e6 8. Re1 Be7 9. Bg5 a6 10. Ba4 O-O 11. Bxf6 Bxf6 12. Ne4 Qe7 13. d5 exd5 14. Qxd5 Be6 15.
Nxf6+ Qxf6 16. Qe4 Nd8 17. c3 c6 18.
Bc2 g6 19. Rad1 Bf5 20. Qe2 Bg4 21.
Rd3 Ne6 22. h3 Nf4 23. Qe5 Qxe5 24. Rxe5 Nxd3 25. Bxd3 Bxf3 26. gxf3 Rfe8 27. Rg5 Rad8 28. Bc4 Kg7 29. Rg4 f5 30.
Rh4 b5 31. Bb3 Rd2 32. Kg2 Ree2 33. Kg3 Rxf2 34. Rd4 Rxd4 35. cxd4 Rd2 36. Kf4 Rxd4+ 37. Ke5 Rd2 38. h4 c5 39. f4 c4 0-1

[Event "4. Memorial Svat.Hastika OPEN"]
[Site "Jesenik, Czech Republic"]
[Date "2022.09.03"]
[Round "4.9"]
[White "Ondrackova, Veronika"]
[Black "Haidenko, Mykola"]
[Result "0-1"]
[TimeControl "720+3"]
[WhiteFideId "23739983"]
[BlackFideId "23731958"]
[WhiteElo "1213"]
[BlackElo "1429"]

1. e4 e5 2. Nf3 Nc6 3.
d4 exd4 4. Nxd4 Nf6 5. Nc3 Bb4 6. Nxc6 bxc6 7. Bd3 d5 8. exd5 cxd5 9. O-O O-O 10. Bd2 c6 11.
a3 Bd6 12. h3 Qc7 13. Qf3 Be6 14.
Bg5 Nd7 15. Ne2 Ne5 16. Qe3 Nxd3 17. Qxd3 Rfe8 18. Nd4 Be5 19. c3 Rab8 20. Rab1 Qd7 21. Rfe1 Bxd4 22. Qxd4 Bf5 23. Rbc1 Rxe1+ 24. Rxe1 f6 25. Bc1 Rb6 26. Qc5 Kf7 27. Qe3 Rb8 28.
Qf4 Rd8 29. Be3 a6 30. Bc5 Be6 31. Qe3 Rb8 32. b4 Re8 33. Qf4 Rd8 34. Qf3 Re8 35. Qh5+ Kg8 36. Qf3 Kf7 37. Qh5+ Kg8 38. Qd1 Bf5 39. Qd2 Rxe1+ 40. Qxe1 Kf7 41. Qe3 Be4 42. f3 Bc2 43. Kf2 g6 44. Qd4 Bb3 45. Qh4 Kg7 46. Bd4 Qe6 47. Qf4 g5 48. Qc7+ Kg6 49. Qa7 Bc4 50. Qa8 Qe2+ 51. Kg3 Qe1+ 52. Kg4 f5# 0-1

[Event "4. Memorial Svat.Hastika OPEN"]
[Site "Jesenik, Czech Republic"]
[Date "2022.09.03"]
[Round "5.1"]
[White "Gnida, Patrik"]
[Black "Banasik, Krzysztof"]
[Result "1/2-1/2"]
[TimeControl "720+3"]
[WhiteFideId "351660"]
[BlackFideId "1125222"]
[WhiteElo "2092"]
[BlackElo "2166"]

1. d4 Nf6 2. Nf3 g6 3. g3 Bg7 4. Bg2 d5 5. c4 c6 6. O-O O-O 7. b3 a5 8. Nc3 Be6 9. c5 h6 10. Bd2 Nbd7 11. Na4 1/2-1/2

[Event "4. Memorial Svat.Hastika OPEN"]
[Site "Jesenik, Czech Republic"]
[Date "2022.09.03"]
[Round "5.2"]
[White "Gawlas, Roman"]
[Black "Zrubek, Adam"]
[Result "1-0"]
[TimeControl "720+3"]
[WhiteFideId "351652"]
[BlackFideId "23718706"]
[WhiteElo "1906"]
[BlackElo "1583"]

1. d4 d5 2. c4 Nc6 3. Nf3 Bg4 4. cxd5 Bxf3 5. gxf3 Qxd5 6. e3 e5 7. Nc3 Bb4 8. a3 Bxc3+ 9.
bxc3 Nf6 10. c4 Qd6 11. d5 Ne7 12. Bd3 O-O 13. O-O c6 14. e4 Ng6 15. Kh1 Nh5 16. Rb1 b6 17. Rg1 Nhf4 18.
Bf1 c5 19. a4 f5 20. Rg3 Nh5 21. Rg5 Nhf4 22. exf5 h6 23. Rxg6 Nxg6 24. fxg6 Qxg6 25. Bd3 Qh5 26. Be4 Rad8 27.
Be3 Rd6 28. Qg1 Rdf6 29. Qg2 Kh8 30. Rg1 Qf7 31. Qg4 Qe7 32. Rg3 Qf7 33. Qh4 Qe7 34. Qh3 Qf7 35. Qg2 Qe7 36. Rg6 Qf7 37.
Rg3 Qe7 38. Rg4 Qf7 39. Qg3 Qe7 40. Rg6 Qf7 41. Rxf6 Qxf6 42. Qg4 Rf7 43. Qc8+ Rf8 44. Qe6 Qh4 45. d6 Qd8 46.
d7 Rf6 47. Qd5 1-0

[Event "4. Memorial Svat.Hastika OPEN"]
[Site "Jesenik, Czech Republic"]
[Date "2022.09.03"]
[Round "5.3"]
[White "Cechacek, Miroslav"]
[Black "Zrubek, Dan"]
[Result "1/2-1/2"]
[TimeControl "720+3"]
[WhiteFideId "377090"]
[BlackFideId "23718714"]
[WhiteElo "1541"]
[BlackElo "1504"]

1. e4 c6 2. f4 d5 3. e5 Bf5 4. Nf3 e6 5. d3 Nd7 6. Be3 c5 7. d4 Qb6 8. dxc5 Qxb2 9. Bd4 Qxc2 10.
Qxc2 Bxc2 11. Na3 Ba4 12. Bb5 Bxb5 13. Nxb5 Rc8 14. Nxa7 1/2-1/2

[Event "4. Memorial Svat.Hastika OPEN"]
[Site "Jesenik, Czech Republic"]
[Date "2022.09.03"]
[Round "5.4"]
[White "Zamarsky, Patrik"]
[Black "Bares, Jachym"]
[Result "0-1"]
[TimeControl "720+3"]
[WhiteFideId "23714280"]
[BlackFideId "345075"]
[WhiteElo "1216"]
[BlackElo "1978"]

1. e4 e5 2. Nf3 Nc6 3. d4 exd4 4.
Nxd4 Nf6 5. Nxc6 bxc6 6. Bd3 Bb4+ 7. c3 Bc5 8. Bg5 Be7 9.
Be3 O-O 10. O-O d5 11. Nd2 Ng4 12. Bf4 Bd6 13. Bxd6 Qxd6 14. Nf3 Re8 15. Re1 Bb7 16. h3 Ne5 17. Nxe5 Rxe5 18. exd5 Rxd5 19. Re3 Rd8 20. Bxh7+ Kxh7 21.
Qc2+ Kg8 22. Rae1 Rd1 23. Qb3 Rxe1+ 24. Rxe1 Bc8 25. Qc2 Be6 26.
a3 Qd2 27. Re2 Qxc2 28. Rxc2 f6 29.
h4 Kf7 30. g3 c5 31. b4 cxb4 32. cxb4 Rc8 33. f4 Ke7 34. Kf2 Kd6 35.
Ke3 Bd5 36. Rc5 Re8+ 37. Kf2 c6 38.
Rc3 a5 39. Rc2 Ra8 40. Kg1 axb4 41. axb4 Ra3 42. Kh2 Ra1 43. g4 Rb1 44. g5 Rxb4 45. Rf2 Ra4 46. Kg3 f5 47. h5 c5 48. h6 gxh6 49. gxh6 Ra7 50. Rh2 Rh7 51. Kh4 Rxh6+ 52. Kg3 Rxh2 53. Kxh2 c4 0-1

[Event "4. Memorial Svat.Hastika OPEN"]
[Site "Jesenik, Czech Republic"]
[Date "2022.09.03"]
[Round "5.5"]
[White "Wrobel, Maciej"]
[Black "Cimburek, Jan"]
[Result "1-0"]
[TimeControl "720+3"]
[WhiteFideId "1181351"]
[BlackFideId "390283"]
[WhiteElo "1873"]
[BlackElo "1591"]

1. e4 c5 2. Nf3 g6 3.
d4 cxd4 4. Nxd4 Bg7 5. Nc3 Nc6 6.
Be3 Nf6 7. Nxc6 bxc6 8. Qd2 O-O 9.
f3 Qa5 10. Bc4 e6 11. O-O d5 12. Nxd5 Qxd2 13. Nxf6+ Bxf6 14. Bxd2 Bxb2 15. Rab1 Bd4+ 16. Kh1 a5 17. Bh6 Rd8 18. Rfd1 Ba6 19. Bxa6 Rxa6 20.
Rxd4 Raa8 21. Rbd1 Rxd4 22. Rxd4 Rb8 23. h4 f5 24. exf5 exf5 25. Rd7 a4 26. Rg7+ Kh8 27. Ra7 Kg8 28. Rxa4 Rb2 29. Rc4 1-0

[Event "4. Memorial Svat.Hastika OPEN"]
[Site "Jesenik, Czech Republic"]
[Date "2022.09.03"]
[Round "5.6"]
[White "Cempel, Jaroslav"]
[Black "Basler, Jan"]
[Result "1-0"]
[TimeControl "720+3"]
[WhiteFideId "300730"]
[BlackFideId "23718420"]
[WhiteElo "1911"]
[BlackElo "1285"]

1. e4 e5 2. f4 exf4 3. Be2 Qh4+ 4. Kf1 Nc6 5.
Nf3 Qd8 6. d4 d5 7. e5 f6 8. Bxf4 Bf5 9. Nc3 Be4 10. Bb5 Qd7 11. Qe2 f5 12. Ng5 h6 13. Qh5+ Ke7 14. Qf7+ Kd8 15. Qxf8+ Qe8 16. Qxe8+ Kxe8 17. Ngxe4 fxe4 18. Nxd5 Kd7 19. Nc3 g5 20. Bg3 Nge7 21.
d5 Rhf8+ 22. Ke2 Nxd5 23. Nxd5 a6 24. Bxc6+ Kxc6 25. Nc3 Rad8 26. Nxe4 Rd4 27. Nc3 Rfd8 28. Rad1 b5 29. Rxd4 Rxd4 30. Rd1 Rc4 31. e6 b4 32.
e7 bxc3 33. e8=Q+ Kb6 34. b3 Rc6 35. Qxc6+ Kxc6 36. Rd3 Kb5 37. Rxc3 c5 38. Bd6 c4 39. Rxc4 a5 40. Bf8 h5 41.
Kf2 g4 42. Kg3 h4+ 43. Kxh4 g3 44. Kxg3 Ka6 45. h4 Kb5 46.
h5 Ka6 47. h6 Kb5 48. h7 a4 49. Rxa4 Kb6 50. h8=R Kb5 51.
Rc4 Kb6 52. Kf2 Kb5 53. g4 Kb6 54.
g5 Kb5 55. g6 Kb6 56. g7 Kb5 57. Ke1 Kb6 58. Kd1 Kb5 59. Kc1 Kb6 60. Kb2 Kb5 61. Ka1 Kb6 62. a3 Kb5 63. Ka2 Kb6 64.
g8=B Kb5 65. Rh1 Kb6 66. Rg1 Kb5 67. Rg5+ Kb6 68. Kb1 Kb7 69. Kc1 Kb6 1-0

[Event "4. Memorial Svat.Hastika OPEN"]
[Site "Jesenik, Czech Republic"]
[Date "2022.09.03"]
[Round "5.8"]
[White "Skovron, Josef"]
[Black "Tschulik, Daniel"]
[Result "1-0"]
[TimeControl "720+3"]
[WhiteFideId "329886"]
[BlackFideId "23718528"]
[WhiteElo "1821"]
[BlackElo "1099"]

1. e4 e5 2. Nf3 Nc6 3. d4 d6 4. Bc4 Nf6 5. Ng5 Be6 6. Bxe6 fxe6 7. Nxe6 Qe7 8. d5 Nd8 9. Nxf8 Qxf8 10. Nc3 Nf7 11.
O-O O-O-O 12. a4 Nd7 13. a5 a6 14. b4 Nb8 15. Be3 c6 16. Qd3 Qe7 17. Rfb1 Qc7 18. Bb6 Qe7 19. Bxd8 Qxd8 20.
Na4 Qc7 21. Nb6+ Kd8 22. c4 Nd7 23. Nxd7 Qxd7 24. b5 cxb5 25. cxb5 Ke7 26. b6 Nh6 27. f3 Ng8 28. Rc1 Nf6 29.
Rc7 Qxc7 30. bxc7 Nd7 31. Rc1 Rc8 32. Qb3 Nc5 33. Rxc5 dxc5 34. Qxb7 Kd7 35. Qc6+ Ke7 36. d6+ Ke6 37.
d7+ Ke7 38. dxc8=R c4 39. Qxc4 g5 40. Qd5 g4 41. Rd8 gxf3 42. Qxe5+ Kf7 43. Rd7+ Kg8 44. Qe8# f2+ 1-0

[Event "4. Memorial Svat.Hastika OPEN"]
[Site "Jesenik, Czech Republic"]
[Date "2022.09.03"]
[Round "5.9"]
[White "Haidenko, Mykola"]
[Black "Taborsky, Bedrich"]
[Result "1/2-1/2"]
[TimeControl "720+3"]
[WhiteFideId "23731958"]
[BlackFideId "378151"]
[WhiteElo "1429"]
[BlackElo "1793"]

1. e4 g6 2. Bc4 Bg7 3.
c3 c5 4. d3 Nc6 5. Be3 b6 6. Nf3 Bb7 7. Nbd2 e6 8. O-O Nge7 9. d4 cxd4 10. Nxd4 O-O 11.
N2b3 Rc8 12. Be2 Nxd4 13. Nxd4 Bxe4 14. Qd2 f5 15. Bh6 Rf7 16. Bxg7 Kxg7 17. Rad1 Bd5 18. Bf3 Bxf3 19. Nxf3 Nc6 20.
Nd4 Nxd4 21. Qxd4+ Kg8 22. Rfe1 Rc7 23. Rxe6 Qc8 24.
Re5 Rc6 25. Rde1 Re6 26. Qd5 Rfe7 27. f4 Kf7 28. Rd1 Qc7 29. Rde1 Kf6 30. Qd4 Kf7 31. Kf2 Qc6 32. Rxe6 dxe6 33.
Qh8 Qc5+ 34. Re3 h5 35. Qh7+ Kf6 36. Qh8+ Kf7 37. Qh7+ Kf6 38. Qh8+ Kf7 1/2-1/2

[Event "4. Memorial Svat.Hastika OPEN"]
[Site "Jesenik, Czech Republic"]
[Date "2022.09.03"]
[Round "6.1"]
[White "Banasik, Krzysztof"]
[Black "Gawlas, Roman"]
[Result "1-0"]
[TimeControl "720+3"]
[WhiteFideId "1125222"]
[BlackFideId "351652"]
[WhiteElo "2166"]
[BlackElo "1906"]

1. e4 c5 2. Nf3 e6 3. d3 Nc6 4. g3 d6 5. Bg2 Nf6 6. O-O Be7 7. Re1 Qc7 8. c3 O-O 9. a4 Bd7 10.
Na3 a6 11. Bf4 e5 12. Bg5 Rab8 13. Nc4 b5 14. axb5 axb5 15. Ne3 Be6 16. d4 exd4 17. cxd4 Nb4 18. dxc5 dxc5 19. Bf4 Qb6 20. Bxb8 Rxb8 21. Ng5 Rd8 22. Qe2 Nd3 23. Red1 c4 24. b3 Bc5 25.
e5 Nd7 26. Nxe6 Qxe6 27. bxc4 bxc4 28. Bd5 Qb6 29. Bxc4 N3xe5 30. Bd5 Nf6 31. Bg2 Re8 32. Ra8 Rxa8 33. Bxa8 Qa7 34. Rd8+ Bf8 35. Bg2 Qa5 36. Qd2 g6 37. Qxa5 1-0

[Event "4. Memorial Svat.Hastika OPEN"]
[Site "Jesenik, Czech Republic"]
[Date "2022.09.03"]
[Round "6.2"]
[White "Bares, Jachym"]
[Black "Gnida, Patrik"]
[Result "0-1"]
[TimeControl "720+3"]
[WhiteFideId "345075"]
[BlackFideId "351660"]
[WhiteElo "1978"]
[BlackElo "2092"]

1. e4 c6 2. Nf3 d5 3. Nc3 dxe4 4. Nxe4 Nf6 5. Nxf6+ exf6 6. Bc4 Bd6 7. Qe2+ Be7 8. d4 O-O 9. O-O Nd7 10. Bf4 Nb6 11. Bd3 Nd5 12. Bg3 Bg4 13. Rfe1 Re8 14. a3 Qd7 15.
h3 Bxa3 16. Bxh7+ Kxh7 17. Qd3+ Bf5 18. Qxa3 Bxc2 19. Rxe8 Qxe8 20. Qd6 Qe7 21. Qxe7 Nxe7 22. Re1 Nd5 23. Nd2 Bf5 24. Ne4 Bxe4 25. Rxe4 a5 26. f3 Ra6 27.
Be1 a4 28. Re8 Rb6 29. Ra8 Rxb2 30. Rxa4 Rb1 31. Kf2 Nf4 32. Kg3 Nxg2 33. Bd2 Rb2 34. Bc1 Rc2 35. Ba3 Ne3 36. Rb4 0-1

[Event "4. Memorial Svat.Hastika OPEN"]
[Site "Jesenik, Czech Republic"]
[Date "2022.09.03"]
[Round "6.3"]
[White "Zrubek, Dan"]
[Black "Wrobel, Maciej"]
[Result "0-1"]
[TimeControl "720+3"]
[WhiteFideId "23718714"]
[BlackFideId "1181351"]
[WhiteElo "1504"]
[BlackElo "1873"]

1. e4 e5 2. Nf3 Nc6 3. Bb5 a6 4.
Ba4 Nf6 5. O-O Be7 6. Re1 b5 7.
Bb3 O-O 8. a4 Bb7 9. d3 d6 10. Nbd2 Nd4 11.
Ba2 bxa4 12. Nxd4 exd4 13. Nf3 c5 14. c3 dxc3 15. bxc3 Bc6 16. e5 Nd5 17. Bxd5 Bxd5 18. Rxa4 Qd7 19.
Ra1 Qg4 20. h3 Qg6 21. Ba3 Rab8 22. d4 cxd4 23. exd6 Bxd6 24. Bxd6 Qxd6 25. Qxd4 Qc6 26. Ne5 Qb7 27. Rab1 Qxb1 28.
Rxb1 Rxb1+ 29. Kh2 Be6 30. Qd3 Rb2 31. f3 Rb5 32. Ng4 h5 33.
Ne3 Rc8 34. c4 Rbc5 35. Qa3 a5 36.
Qa4 g6 37. Kg3 Bxc4 38. Nxc4 Rxc4 39. Qxa5 R8c5 40. Qd8+ Kg7 41. Qd3 h4+ 42. Kh2 Rc2 43.
Qd4+ f6 44. Qxh4 Rg5 45. Qd4 Rcxg2+ 0-1

[Event "4. Memorial Svat.Hastika OPEN"]
[Site "Jesenik, Czech Republic"]
[Date "2022.09.03"]
[Round "6.5"]
[White "Zrubek, Adam"]
[Black "Cempel, Jaroslav"]
[Result "0-1"]
[TimeControl "720+3"]
[WhiteFideId "23718706"]
[BlackFideId "300730"]
[WhiteElo "1583"]
[BlackElo "1911"]

1. e4 e5 2. Nf3 Nc6 3. Bb5 a6 4. Ba4 Nf6 5. O-O b5 6. Bb3 Be7 7. Re1 O-O 8.
a4 b4 9.
d3 d5 10. exd5 Nxd5 11. Nxe5 Nxe5 12. Rxe5 Nf6 13. Re1 Bd6 14. Nd2 Bb7 15. Ne4 Nxe4 16. dxe4 Bxe4 17. Qg4 Bg6 18. h4 Qc8 19. Qf3 Qf5 20.
Qxf5 Bxf5 21. Be3 a5 22. f3 h5 23. Kf2 Rfe8 24. Rad1 g6 25. Re2 Re5 26. Rde1 Rae8 27. Bd4 Rxe2+ 28. Rxe2 Bg3+ 29. Kf1 Rxe2 30. Kxe2 Bxh4 31. Be5 Bd8 32. Ke3 c5 33. Bd6 Bb6 34. Kd2 Kg7 35. Bc4 Kf6 36. Bd3 Be6 37. c3 c4 38. Bc2 b3 39. Bd1 Bd7 40. Be2 Ke6 41. Bf8 Kd5 42. f4 Bxa4 43.
Bf3+ 0-1

[Event "4. Memorial Svat.Hastika OPEN"]
[Site "Jesenik, Czech Republic"]
[Date "2022.09.03"]
[Round "6.6"]
[White "Taborsky, Bedrich"]
[Black "Skovron, Josef"]
[Result "0-1"]
[TimeControl "720+3"]
[WhiteFideId "378151"]
[BlackFideId "329886"]
[WhiteElo "1793"]
[BlackElo "1821"]

1. e4 c5 2. Nf3 Nc6 3. c3 Nf6 4. Qc2 e5 5. g3 d5 6. exd5 Qxd5 7. Bg2 Bg4 8. Nh4 Qd7 9. O-O Bd6 10. Re1 O-O-O 11. a4 g5 12. Nf3 Rdg8 13. a5 h5 14. d4 h4 15. dxe5 Bxf3 16. Bxf3 Nxe5 17. Bg2 hxg3 18. fxg3 Neg4 19.
b4 Rxh2 20. Qd3 Rgh8 21. Ra2 Qc7 22. Ree2 Bxg3 23. Bxb7+ Qxb7 24. Rxh2 Bxh2+ 25. Kf1 Qh1+ 26. Ke2 Qg2+ 0-1

[Event "4. Memorial Svat.Hastika OPEN"]
[Site "Jesenik, Czech Republic"]
[Date "2022.09.03"]
[Round "6.9"]
[White "Tschulik, Daniel"]
[Black "Kincl, Dobromir"]
[Result "0-1"]
[TimeControl "720+3"]
[WhiteFideId "23718528"]
[WhiteElo "1099"]
[BlackElo "1683"]

1. e4 d6 2. Nc3 c5 3. Nf3 Bg4 4. Bb5+ Nd7 5. O-O e6 6. d3 Be7 7. h3 Bh5 8. b3 Ngf6 9. Bb2 O-O 10.
Bxd7 Nxd7 11. Qe2 Ne5 12. Nd1 Nxf3+ 13. gxf3 e5 14. Ne3 g6 15. Ng2 Qd7 16. Qe3 Qxh3 17. f4 Bf3 18. Ne1 Qh1# 0-1

[Event "4. Memorial Svat.Hastika OPEN"]
[Site "Jesenik, Czech Republic"]
[Date "2022.09.03"]
[Round "6.10"]
[White "Basler, Jan"]
[Black "Koterova, Hana"]
[Result "1-0"]
[TimeControl "720+3"]
[WhiteFideId "23718420"]
[WhiteElo "1285"]
[BlackElo "1309"]

1. e4 e5 2. Nf3 Nc6 3. Bb5 d6 4. d3 Bd7 5. Be3 a6 6. Bc4 Nf6 7. Nbd2 h6 8. O-O b5 9. Bb3 a5 10. c3 a4 11. Bc2 d5 12.
exd5 Nxd5 13. Ne4 Bg4 14. d4 Be7 15. h3 Bh5 16. g4 Bg6 17. Re1 O-O 18. Nxe5 Nxe5 19. dxe5 Nxe3 20. Rxe3 Qe8 21. f4 Bc5 22. Nxc5 Bxc2 23.
Qxc2 Qc6 24. Ne4 Rad8 25. Rd1 Rxd1+ 26. Qxd1 Qb6 27. Qd4 Qc6 28. Rd3 f6 29. exf6 gxf6 30. Qd5+ Qxd5 31. Rxd5 Kf7 32. Rd7+ Ke6 33. Rxc7 Kd5 34. Ng3 Re8 35. Kf2 Re6 36. Nf5 Ke4 37. Nd4 Rd6 38.
Kg3 Kd3 39. Nxb5 Re6 40. Nd4 Re3 41. Kg2 Kd2 42. b3 axb3 43. axb3 Rxc3 44. Rxc3 Kxc3 45. Nf5 Kxb3 46. Nxh6 Kc4 47. Nf5 Kd5 48. h4 Ke6 49. h5 1-0

[Event "4. Memorial Svat.Hastika OPEN"]
[Site "Jesenik, Czech Republic"]
[Date "2022.09.03"]
[Round "7.1"]
[White "Gnida, Patrik"]
[Black "Wrobel, Maciej"]
[Result "1-0"]
[TimeControl "720+3"]
[WhiteFideId "351660"]
[BlackFideId "1181351"]
[WhiteElo "2092"]
[BlackElo "1873"]

1. d4 Nf6 2. Nf3 g6 3.
c4 Bg7 4. g3 O-O 5. Bg2 d6 6. O-O Nc6 7. d5 Na5 8. Na3 c5 9. Rb1 Bf5 10. Ra1 Bd7 11.
Nd2 a6 12. Rb1 b5 13. b3 Rb8 14. Bb2 Qc8 15. Re1 Ng4 16. Bxg7 Kxg7 17. e4 h5 18. f4 Rh8 19. Qf3 b4 20.
Nc2 h4 21. h3 Nh6 22. g4 Nxg4 23. hxg4 Bxg4 24. Qf2 h3 25. Bf3 h2+ 26. Kh1 Rh3 27.
Bg2 Rh5 28. Re3 Qd7 29. Rg3 f5 30. Ne3 Rf8 31. exf5 gxf5 32. Nf3 Nb7 33. Rf1 Nd8 34. Ng5 Rf6 35. Bf3 Bxf3+ 36. Qxf3 Rfh6 37. Qg2 Kf6 38. Qb2+ 1-0

[Event "4. Memorial Svat.Hastika OPEN"]
[Site "Jesenik, Czech Republic"]
[Date "2022.09.03"]
[Round "7.2"]
[White "Haidenko, Mykola"]
[Black "Banasik, Krzysztof"]
[Result "0-1"]
[TimeControl "720+3"]
[WhiteFideId "23731958"]
[BlackFideId "1125222"]
[WhiteElo "1429"]
[BlackElo "2166"]

1. e4 d6 2. d4 Nf6 3. Nc3 e5 4. dxe5 dxe5 5. Nf3 Qxd1+ 6.
Kxd1 Bg4 7. Be2 Nc6 8. Be3 Bb4 9. Nd5 O-O-O 10. c4 Nxe4 11. Kc2 Bc5 12. Bxc5 Nxc5 13. h3 Bf5+ 14. Kc3 Ne4+ 15.
Kb3 Nxf2 16. Rhf1 Ne4 17. Nxe5 Nd4+ 18. Ka4 Rd6 19. Bd3 Ra6+ 20. Kb4 Rd6 21. Ka4 Nc5+ 0-1

[Event "4. Memorial Svat.Hastika OPEN"]
[Site "Jesenik, Czech Republic"]
[Date "2022.09.03"]
[Round "7.3"]
[White "Gawlas, Roman"]
[Black "Cechacek, Miroslav"]
[Result "1-0"]
[TimeControl "720+3"]
[WhiteFideId "351652"]
[BlackFideId "377090"]
[WhiteElo "1906"]
[BlackElo "1541"]

1. d4 e6 2. c4 c5 3. d5 d6 4. Nc3 Nf6 5. e4 e5 6. Nf3 Bg4 7. Qa4+ Qd7 8. Nb5 Na6 9. Nd2 Kd8 10.
f3 Bh5 11. Qa5+ Kc8 12. Qc3 Nc7 13. Nxc7 Qxc7 14. h4 h6 15. g4 Bg6 16. Bh3 Kb8 17. b4 cxb4 18. Qxb4 Qc5 19. Qc3 Qd4 20. Qxd4 exd4 21. Bb2 Nd7 22. Bxd4 Nb6 23. a4 f6 24. Ke2 Be7 25. a5 Nd7 26. Rhb1 Nc5 27. Nb3 Rc8 28. Nxc5 dxc5 29. Be3 Bd6 30.
Ra3 Rc7 31. Rab3 a6 32. Rb6 Rd7 33. g5 f5 34. exf5 Bh7 35. f6 Bxb1 36. Bxd7 Bc7 37. Rxb1 gxf6 38. gxh6 Ka7 39. Bxc5+ 1-0

[Event "4. Memorial Svat.Hastika OPEN"]
[Site "Jesenik, Czech Republic"]
[Date "2022.09.03"]
[Round "7.4"]
[White "Cempel, Jaroslav"]
[Black "Skovron, Josef"]
[Result "0-1"]
[TimeControl "720+3"]
[WhiteFideId "300730"]
[BlackFideId "329886"]
[WhiteElo "1911"]
[BlackElo "1821"]

1. d4 Nf6 2. Bg5 e6 3.
e3 Be7 4. Bd3 b6 5. Nf3 Bb7 6. O-O O-O 7. c4 d5 8. Nc3 Nbd7 9. Rc1 dxc4 10. Bxc4 c5 11. Be2 Rc8 12. Qa4 a6 13.
dxc5 Nxc5 14. Qh4 Re8 15. Rfd1 Qc7 16. Na4 Qc6 17. Nxc5 bxc5 18. b4 Qb6 19. bxc5 Rxc5 20. Rxc5 Qxc5 21.
Qd4 Qxd4 22. Nxd4 h6 23. Bh4 Rd8 24. Rb1 Bd5 25. a4 g5 26. Bg3 Bd6 27. Bxa6 Ne4 28. Bb5 Bxg3 29. hxg3 Kf8 30.
Rc1 e5 31. Nf5 h5 32. Bd3 Ra8 33. f3 0-1

[Event "4. Memorial Svat.Hastika OPEN"]
[Site "Jesenik, Czech Republic"]
[Date "2022.09.03"]
[Round "7.5"]
[White "Zrubek, Dan"]
[Black "Bares, Jachym"]
[Result "1-0"]
[TimeControl "720+3"]
[WhiteFideId "23718714"]
[BlackFideId "345075"]
[WhiteElo "1504"]
[BlackElo "1978"]

1. e4 e5 2. Nf3 Nc6 3. Bb5 f5 4. d3 fxe4 5. dxe4 Nf6 6. O-O Bc5 7. Qd3 d6 8. Qc4 Bd7 9.
Nc3 Qe7 10. Nd5 Nxd5 11. exd5 Nd4 12. Nxd4 Bxd4 13. c3 Bb6 14. Be3 O-O 15. Bxd7 Qxd7 16. Rae1 Rf6 17. f4 Raf8 18. Bxb6 axb6 19. fxe5 Rxf1+ 20. Rxf1 Rxf1+ 21. Qxf1 dxe5 22. Qc4 b5 23. Qe4 Qd6 24. Kf2 h6 25. a3 c6 26. dxc6 bxc6 27. Ke2 Qc5 28. h3 Kf7 29. Kd3 Kf6 30.
Qh4+ Ke6 31. Qg4+ Kf6 32. Qh4+ Kf7 33. Qh5+ Ke7 34. Qh4+ Kd7 35. Qg4+ Kd6 36. Qb4 Qxb4 37. cxb4 Kd5 38.
b3 c5 39. bxc5 Kxc5 40. Ke4 Kd6 41. a4 b4 42. a5 Kc5 43. Kxe5 Kb5 44. Kd4 Kxa5 45. Kc5 Ka6 46. Kxb4 1-0

[Event "4. Memorial Svat.Hastika OPEN"]
[Site "Jesenik, Czech Republic"]
[Date "2022.09.03"]
[Round "7.7"]
[White "Kincl, Dobromir"]
[Black "Zrubek, Adam"]
[Result "1/2-1/2"]
[TimeControl "720+3"]
[BlackFideId "23718706"]
[WhiteElo "1683"]
[BlackElo "1583"]

1. d4 d5 2. c4 Nc6 3. cxd5 Qxd5 4.
e3 e5 5.
Nc3 Bb4 6. a3 Bxc3+ 7. bxc3 Nf6 8.
c4 Qd6 9. d5 Ne7 10. Nf3 Bg4 11. Be2 O-O 12. Bb2 Ng6 13. O-O Nd7 14. Ng5 Bxe2 15. Qxe2 Qe7 16. Qh5 Nf6 17. Qd1 Nd7 18.
Qh5 h6 19. Ne4 1/2-1/2

[Event "4. Memorial Svat.Hastika OPEN"]
[Site "Jesenik, Czech Republic"]
[Date "2022.09.03"]
[Round "7.8"]
[White "Basler, Jan"]
[Black "Cimburek, Jan"]
[Result "0-1"]
[TimeControl "720+3"]
[WhiteFideId "23718420"]
[BlackFideId "390283"]
[WhiteElo "1285"]
[BlackElo "1591"]

1. e4 c5 2. Nf3 g6 3.
Bc4 Bg7 4. d3 Nc6 5. c3 e6 6. Be3 b6 7. Nbd2 d5 8. Bb3 Nge7 9. O-O O-O 10.
Bc2 Bb7 11. exd5 Nxd5 12. Re1 Nxe3 13. Rxe3 Qc7 14. Nb3 Rfd8 15. Qe2 Rd7 16. Rd1 Rad8 17. Nbd2 Ba6 18. Nc4 Bxc4 19. dxc4 Rxd1+ 20. Bxd1 e5 21.
a3 f5 22. b4 e4 23. Nd2 cxb4 24. cxb4 Nd4 25. Qf1 Bh6 26. f4 Bxf4 27. Qf2 Bxe3 28. Qxe3 Kg7 29. Qc3 Qe5 30. Kf2 Nc6 31. Qxe5+ Nxe5 32. Ke3 Rd3+ 33. Ke2 Rxa3 34. Bb3 a5 35.
b5 a4 36. Bc2 Rc3 37. Bxa4 Nxc4 38. Nb1 Rc1 39. Bb3 Rxb1 40. Bxc4 Rb2+ 41. Kf1 Kf6 42. h3 h6 43. Kg1 g5 44. Kh2 f4 45. h4 gxh4 46. Kh3 Kg5 47. Bd5 e3 48. Bf3 e2 49. Bxe2 Rxe2 50. g3 Re3 51.
Kh2 hxg3+ 52. Kg2 Kg4 53. Kh1 f3 54. Kg1 Re1# 0-1

[Event "4. Memorial Svat.Hastika OPEN"]
[Site "Jesenik, Czech Republic"]
[Date "2022.09.03"]
[Round "7.9"]
[White "Ondrackova, Veronika"]
[Black "Taborsky, Bedrich"]
[Result "0-1"]
[TimeControl "720+3"]
[WhiteFideId "23739983"]
[BlackFideId "378151"]
[WhiteElo "1213"]
[BlackElo "1793"]

1. e4 g6 2. d4 Bg7 3. Nf3 c5 4. Nc3 cxd4 5. Nxd4 a6 6. Be3 d6 7. Be2 Nd7 8.
O-O Ngf6 9. Qd2 O-O 10. Rad1 b5 11. Nc6 Qe8 12. Nd5 Nxd5 13. Qxd5 Nf6 14. Qd3 Qxc6 15. Bf3 Bg4 16. e5 Bxf3 17.
exf6 Be4 18. fxg7 Bxd3 19. gxf8=Q+ Rxf8 20. Rxd3 Qxc2 21. Rd2 Qc4 22. a3 d5 23. Rfd1 e6 24. Bd4 h5 25.
Bc3 Re8 26. h3 Rc8 27. Rd4 Qc6 28. R1d2 f6 29. Rf4 e5 30. Rf3 d4 31. Bb4 Kf7 32. Kh2 Qc7 33. Rfd3 a5 34. Bc3 dxc3 35.
Rd7+ Qxd7 36. Rxd7+ Ke6 37. Rd1 cxb2 38. Rb1 Rc2 39.
Kg3 Kd5 40. Kf3 Kc4 41. Ke3 Kb3 42. Kd3 Rxf2 43. g4 hxg4 44. hxg4 Kxa3 45. Kc3 b4 46. Kd3 Kb3 47. Ke3 Rg2 48.
Kd3 Rxg4 0-1

[Event "4. Memorial Svat.Hastika OPEN"]
[Site "Jesenik, Czech Republic"]
[Date "2022.09.03"]
[Round "7.10"]
[White "Pobucky, Ondrej"]
[Black "Poljak, Lucian"]
[Result "1-0"]
[TimeControl "720+3"]
[WhiteFideId "23742305"]
[BlackFideId "23740590"]
[WhiteElo "1426"]
[BlackElo "1367"]

1. e4 e5 2. c3 Nf6 3. f3 Nxe4 4.
fxe4 Qh4+ 5. Ke2 Qxe4+ 6. Kf2 Bc5+ 7. d4 exd4 8. Kg3 Bd6+ 9. Kf2 Qh4+ 10. g3 Bxg3+ 11. hxg3 Qxh1 12. Bg2 Qh2 13.
Qe1+ Kf8 14. Bg5 f6 15. Bh4 d6 16. Nf3 Qxg2+ 17. Kxg2 Bg4 18. Nh2 Bh5 19. g4 Bg6 20. cxd4 Nc6 21.
Qc3 Re8 22. Nd2 Bf7 23. Re1 Bd5+ 24. Kh3 Kf7 25. Qd3 Nb4 26. Qf5 Be6 27. Qb5 Nc6 28. d5 Bxd5 29. Qxd5+ Kf8 30. Rxe8+ Kxe8 31.
Qb5 Kd7 32. Qxb7 Rb8 33. Qa6 Rxb2 34.
Qd3 Ne5 35. Qf5+ Ke7 36. Ndf3 Rxa2 37.
Nxe5 dxe5 38. Qxh7 Ra3+ 39. Bg3 Kf7 40. Qh5+ Kf8 41. Qf5 Kf7 42. Qd7+ Kg6 43. Qxc7 e4 44. Qc5 Rd3 45. Qh5# 1-0